 Dungeon Crawl Stone Soup version 0.29-a0-994-gc5c9f59d18 (webtiles) character file.

Game seed: 12500569852761287678

1141 sanka the Conjurer (level 8, -5/58 HPs)
             Began as a Gnoll Conjurer on Aug 3, 2022.
             Slain by Pikel
             ... wielding a +2 whip of flaming
              (9 damage)
             ... on level 6 of the Dungeon.
             The game lasted 00:07:37 (5737 turns).

sanka the Conjurer (Gnoll Conjurer)                 Turns: 5737, Time: 00:07:38

Health: -5/58      AC:  3    Str:  7    XL:     8   Next: 37%
Magic:  4/17       EV: 13    Int: 19    God:
Gold:   309        SH:  0    Dex: 11    Spells: 12/19 levels left

rFire   . . .      SeeInvis +   a - +1 whip (venom)
rCold   . . .      Faith    .   (no shield)
rNeg    . . .      Spirit   .   o - +0 robe
rPois   .          Reflect  .   (no helmet)
rElec   .          Harm     .   q - scarf {shadows}
rCorr   +          Rampage  .   x - +0 pair of gloves
Will    .....                   (no boots)
Stlth   +++.......              y - amulet of regeneration
HPRegen 0.99/turn               C - ring of see invisible
MPRegen 0.15/turn               s - ring of resist corrosion

@: no status effects
A: fangs 1, strong nose, distributed training
a: no special abilities


You were on level 6 of the Dungeon.
You visited 1 branch of the dungeon, and saw 6 of its levels.

You collected 309 gold pieces.


Innate Abilities, Weirdness & Mutations

You have very sharp teeth.
Your uncanny sense of smell can sniff out nearby items.
Your experience applies equally to all skills.


   Skills:
 + Level 3.3 Fighting
 + Level 3.3 Short Blades
 + Level 3.3 Long Blades
 + Level 3.3 Axes
 + Level 3.3 Maces & Flails
 + Level 3.3 Polearms
 + Level 3.3 Staves
 + Level 3.3 Ranged Weapons
 + Level 3.3 Throwing
 + Level 3.3 Armour
 + Level 5.7 Dodging
 + Level 5.4 Stealth
 + Level 3.3 Shields
 + Level 3.3 Unarmed Combat
 + Level 6.1 Spellcasting
 + Level 7.6 Conjurations
 + Level 2.7 Hexes
 + Level 2.7 Summonings
 + Level 2.7 Necromancy
 + Level 2.7 Translocations
 + Level 2.7 Transmutations
 + Level 2.7 Fire Magic
 + Level 2.7 Ice Magic
 + Level 2.7 Air Magic
 + Level 2.7 Earth Magic
 + Level 2.7 Poison Magic
 + Level 3.6 Invocations
 + Level 3.3 Evocations


You had 12 spell levels left.
You knew the following spells:

 Your Spells              Type           Power      Damage    Failure   Level
x - Searing Ray           Conj           70%        2d7       1%          2
z - Magic Dart            Conj           100%       1d8       1%          1
Z - Fulminant Prism       Conj/Hex       12%        3d9       13%         4

Your spell library contained the following spells:

 Spells                   Type           Power      Damage    Failure   Level
 Dazzling Flash           Conj/Hex       50%        N/A       4%          3
 Summon Guardian Golem    Hex/Summ       16%        N/A       11%         3
 Iskenderun's Mystic Bla  Conj/Tloc      25%        2d7       13%         4
 Orb of Destruction       Conj           17%        9d7       99%         7
 Spellforged Servitor     Conj/Summ      12%        N/A       100%        7

Inventory:

Hand Weapons
 a - a +1 whip of venom (weapon)
 b - a +0 dagger
 w - a +0 flail
Missiles
 l - 6 curare-tipped darts {=f}
Armour
 o - a +0 robe (worn)
 q - a scarf of shadows (worn)
 x - a +0 pair of gloves (worn)
Jewellery
 s - a ring of resist corrosion (right hand)
 v - a ring of fire
 y - an amulet of regeneration (around neck)
 C - a ring of see invisible (left hand)
Wands
 i - a wand of digging (3)
 D - a wand of quicksilver (11)
Scrolls
 d - 10 scrolls of identify {unknown}
 e - 2 scrolls of blinking {unknown}
 j - a scroll of butterflies {unknown}
 n - a scroll of vulnerability {unknown}
 p - a scroll of magic mapping {unknown}
 r - 4 scrolls of teleportation {unknown}
 t - a scroll of amnesia {unknown}
 A - a scroll of immolation {unknown}
 B - a scroll of fear {unknown}
 E - a scroll of enchant armour {unknown}
Potions
 c - 2 potions of mutation {unknown}
 f - a potion of flight {unknown}
 g - 2 potions of magic
 h - a potion of curing {unknown}
 k - 2 potions of might {unknown}
 m - a potion of degeneration {unknown}
 u - a potion of lignification {unknown}
 z - a potion of attraction {unknown}

Dungeon Overview and Level Annotations

Branches:
Dungeon (6/15)
 Temple: D:4-7

Altars:
Nemelex Xobeh
Xom
Yredelemnul
Zin

Annotations:
D:3 Sigmund
D:6 1 runed translucent door, Menkaure, Pikel

...5▒5.M5)▒..▒∆ ▒
..5....▒▒5▒..▒ ▒
.▒▒.▒▒.▒▒...M▒F▒
▒.▒▒.▒▒▒▒▒5▒~▒▒
..........▒S▒▒.▒
▒▒▒.▒▒▒.5.▒+▒..▒ ▒.▒▒
▒▒▒.▒ ▒....)...▒ ▒...
...▒ ▒K....▒▒.▒ ▒.▒▒
▒▒▒.▒▒▒g....▒ .
.......▒▒▒▒▒▒ ▒▒▒ .▒.
.▒▒.▒▒.▒ ▒.▒ ...
▒.▒▒.▒▒▒▒▒▒▒▒▒▒.▒ .▒.
▒.....▒▒.. ..▒.▒▒▒▒▒▒
▒▒▒▒..▒▒.▒ ▒.▒.......
▒▒▒...▒.▒▒▒▒.▒.▒▒▒...
....>............▒▒▒.▒▒
▒▒▒▒▒...▒.▒▒▒▒.▒.▒▒..▒


You could see Pikel (very poisoned), 2 lemures, Menkaure, a bullfrog (wandering)
and an adder.


Message History

* * * LOW HITPOINT WARNING * * *
Pikel attacks as you move away!
Pikel hits you with a +2 whip of flaming!
* * * LOW HITPOINT WARNING * * *
Pikel burns you.
* * * LOW HITPOINT WARNING * * *
You hit Pikel.
Pikel looks even sicker.
Pikel is heavily wounded.
Pikel hits you with a +2 whip of flaming.
* * * LOW HITPOINT WARNING * * *
Pikel burns you.
* * * LOW HITPOINT WARNING * * *
You barely miss Pikel. Your bite misses Pikel.
Pikel is severely wounded.
Pikel closely misses you. Pikel attacks as you move away!
Pikel hits you with a +2 whip of flaming.
* * * LOW HITPOINT WARNING * * *
Pikel burns you.
* * * LOW HITPOINT WARNING * * *
Pikel attacks as you move away!
Pikel hits you with a +2 whip of flaming!
* * * LOW HITPOINT WARNING * * *
Pikel burns you.
* * * LOW HITPOINT WARNING * * *
Pikel attacks as you move away!
Pikel hits you with a +2 whip of flaming!
You die...

Action                   |  1- 3 |  4- 6 |  7- 9 || total
-------------------------+-------+-------+-------++-------
Melee: Mace              |     7 |     5 |       ||    12
       Bite              |       |     4 |     1 ||     5
       Flail             |       |    14 |       ||    14
       Whip              |       |     3 |    18 ||    21
 Cast: Magic Dart        |    64 |    58 |    33 ||   155
       Searing Ray       |     1 |    18 |    23 ||    42
       Fulminant Prism   |       |       |     3 ||     3
Armor: Robe              |     2 |    11 |     6 ||    19
Dodge: Dodged            |     4 |    54 |    22 ||    80

Levels and vault maps discovered:
D:1:      dpeg_arrival_morbid_curiosity, layout_basic,
          dreamdust_ecumenical_altar_drowned_temple
D:2:      layout_loops_ring, basic_altar, minmay_tetromino_o4
D:3:      layout_rooms, uniq_sigmund
D:4:      layout_rooms, hangedman_decor_points
D:5:      layout_basic, mainiacjoe_overflow_tiny_flanked,
          mainiacjoe_overflow_cross_hatched, nicolae_overflow_crystal_walls
D:6:      layout_loops_cross, nicolae_yredelemnul_corpse_copse,
          ebering_ghost_sewer_d, grunt_decor_fettered, minmay_misc_feat_x,
          uniq_pikel, uniq_menkaure

Notes
Turn   | Place    | Note
-------+----------+-------------------------------------------
     0 | D:1      | sanka the Gnoll Conjurer began the quest for the Orb.
     0 | D:1      | Reached XP level 1. HP: 13/13 MP: 6/6
   140 | D:1      | Reached XP level 2. HP: 19/19 MP: 5/7
   689 | D:1      | Found a faded altar of an unknown god.
   966 | D:1      | Learned a level 2 spell: Searing Ray
  1020 | D:2      | Reached skill level 5 in Spellcasting
  1020 | D:2      | Reached XP level 3. HP: 25/25 MP: 4/9
  1240 | D:2      | Reached skill level 1 in Invocations
  1450 | D:2      | Found a basalt altar of Yredelemnul.
  1588 | D:3      | Reached skill level 1 in Fighting
  1588 | D:3      | Reached skill level 1 in Short Blades
  1588 | D:3      | Reached skill level 1 in Long Blades
  1588 | D:3      | Reached skill level 1 in Axes
  1588 | D:3      | Reached skill level 1 in Maces & Flails
  1588 | D:3      | Reached skill level 1 in Polearms
  1588 | D:3      | Reached skill level 1 in Staves
  1588 | D:3      | Reached skill level 1 in Ranged Weapons
  1588 | D:3      | Reached skill level 1 in Throwing
  1588 | D:3      | Reached skill level 1 in Armour
  1588 | D:3      | Reached skill level 1 in Shields
  1588 | D:3      | Reached skill level 1 in Unarmed Combat
  1588 | D:3      | Reached skill level 1 in Evocations
  1588 | D:3      | Reached XP level 4. HP: 25/32 MP: 3/11
  1670 | D:3      | Reached skill level 1 in Hexes
  1670 | D:3      | Reached skill level 1 in Summonings
  1670 | D:3      | Reached skill level 1 in Necromancy
  1670 | D:3      | Reached skill level 1 in Translocations
  1670 | D:3      | Reached skill level 1 in Transmutations
  1670 | D:3      | Reached skill level 1 in Fire Magic
  1670 | D:3      | Reached skill level 1 in Ice Magic
  1670 | D:3      | Reached skill level 1 in Air Magic
  1670 | D:3      | Reached skill level 1 in Earth Magic
  1670 | D:3      | Reached skill level 1 in Poison Magic
  2141 | D:3      | Noticed Sigmund
  2390 | D:4      | Reached XP level 5. HP: 37/37 MP: 6/12
  2718 | D:4      | Noticed a black bear
  3062 | D:4      | Killed a black bear
  3063 | D:4      | Reached skill level 2 in Fighting
  3063 | D:4      | Reached skill level 2 in Short Blades
  3063 | D:4      | Reached skill level 2 in Long Blades
  3063 | D:4      | Reached skill level 2 in Axes
  3063 | D:4      | Reached skill level 2 in Maces & Flails
  3063 | D:4      | Reached skill level 2 in Polearms
  3063 | D:4      | Reached skill level 2 in Staves
  3063 | D:4      | Reached skill level 2 in Ranged Weapons
  3063 | D:4      | Reached skill level 2 in Throwing
  3063 | D:4      | Reached skill level 2 in Armour
  3063 | D:4      | Reached skill level 5 in Dodging
  3063 | D:4      | Reached skill level 2 in Shields
  3063 | D:4      | Reached skill level 2 in Unarmed Combat
  3063 | D:4      | Reached skill level 2 in Invocations
  3063 | D:4      | Reached skill level 2 in Evocations
  3063 | D:4      | Reached XP level 6. HP: 17/44 MP: 4/14
  3753 | D:5      | Entered Level 5 of the Dungeon
  3854 | D:5      | Found a shimmering altar of Xom.
  4066 | D:5      | Reached XP level 7. HP: 49/50 MP: 12/15
  4110 | D:5      | Reached skill level 2 in Hexes
  4110 | D:5      | Reached skill level 2 in Summonings
  4110 | D:5      | Reached skill level 2 in Necromancy
  4110 | D:5      | Reached skill level 2 in Translocations
  4110 | D:5      | Reached skill level 2 in Transmutations
  4110 | D:5      | Reached skill level 2 in Fire Magic
  4110 | D:5      | Reached skill level 2 in Ice Magic
  4110 | D:5      | Reached skill level 2 in Air Magic
  4110 | D:5      | Reached skill level 2 in Earth Magic
  4110 | D:5      | Reached skill level 2 in Poison Magic
  4205 | D:5      | Reached skill level 5 in Stealth
  4331 | D:5      | Reached skill level 3 in Invocations
  4483 | D:5      | Found a glowing silver altar of Zin.
  4641 | D:5      | Reached skill level 3 in Fighting
  4641 | D:5      | Reached skill level 3 in Short Blades
  4641 | D:5      | Reached skill level 3 in Long Blades
  4641 | D:5      | Reached skill level 3 in Axes
  4641 | D:5      | Reached skill level 3 in Maces & Flails
  4641 | D:5      | Reached skill level 3 in Polearms
  4641 | D:5      | Reached skill level 3 in Staves
  4641 | D:5      | Reached skill level 3 in Ranged Weapons
  4641 | D:5      | Reached skill level 3 in Throwing
  4641 | D:5      | Reached skill level 3 in Armour
  4641 | D:5      | Reached skill level 3 in Shields
  4641 | D:5      | Reached skill level 3 in Unarmed Combat
  4641 | D:5      | Reached skill level 3 in Evocations
  4641 | D:5      | Reached XP level 8. HP: 38/58 MP: 5/16
  4715 | D:5      | Found a sparkling altar of Nemelex Xobeh.
  5302 | D:6      | Reached skill level 6 in Spellcasting
  5596 | D:6      | Found a runed translucent door.
  5612 | D:6      | Noticed Pikel
  5619 | D:6      | Learned a level 4 spell: Fulminant Prism
  5715 | D:6      | Noticed Menkaure
  5736 | D:6      | HP: 3/58 [Pikel/+2 whip of flaming (4)]
  5737 | D:6      | Slain by Pikel

Vanquished Creatures
  An ice beast (D:5)
  A sky beast (D:6)
  A black bear (D:4)
  2 ogres (D:5)
  A necrophage (D:5)
  A scorpion (D:5)
  A hound (D:5)
  A gnoll bouda (D:6)
  2 orc priests
  6 iguanas
  3 orc wizards
  8 gnolls
  7 adders
  A shadow imp (D:6)
  A white imp (D:5)
  2 worms (D:2)
  13 orcs
  2 bats
  4 endoplasms
  3 giant cockroaches
  8 goblins
  6 hobgoblins
  5 jackals
  2 quokkas
  6 ball pythons
  A frilled lizard (D:1)
  5 kobolds
  4 rats
  A spectral goblin (D:1)
99 creatures vanquished.

Vanquished Creatures (others)
  3 fulminant prisms (D:6)
3 creatures vanquished.

Grand Total: 102 creatures vanquished
